 Dungeon Crawl Stone Soup version 0.24.0-37-gcf1ca852f1 (webtiles) character file.

Game seed: 14522278316016420210, levelgen mode: deterministic

149 FishyPogo the Charmwright (level 5, -2/43 HPs)
             Began as a Gnoll Skald on Dec 8, 2019.
             Was a Follower of Sif Muna.
             Slain by an orc wizard
             ... wielding a +0 dagger
              (5 damage)
             ... on level 3 of the Dungeon.
             The game lasted 00:06:16 (1905 turns).

FishyPogo the Charmwright (Gnoll Skald)             Turns: 1905, Time: 00:06:16

Health: -2/43      AC:  4    Str: 14    XL:     5   Next: 31%
Magic:  0/12       EV: 14    Int: 15    God:    Sif Muna [*.....]
Gold:   194        SH:  0    Dex: 15    Spells: 3/14 levels left

rFire    . . .     SeeInvis .   a - +0 falchion
rCold    . . .     Gourm    .   (no shield)
rNeg     . . .     Faith    .   b - +0 leather armour
rPois    .         Spirit   .   (no helmet)
rElec    .         Reflect  .   (no cloak)
rCorr    .         Harm     .   f - +0 pair of gloves
MR       .....                  (no boots)
Stlth    ++........             (no amulet)
HPRegen  0.14/turn              (no ring)
MPRegen  0.13/turn              (no ring)

@: infused (expiring)
A: distributed training, fangs 1, strong nose
a: Channel Magic, Renounce Religion


You were on level 3 of the Dungeon.
You worshipped Sif Muna.
Sif Muna was aware of your devotion.
You were not hungry.

You visited 1 branch of the dungeon, and saw 3 of its levels.

You collected 201 gold pieces.
You donated 7 gold pieces to Zin.

Inventory:

Hand Weapons
 a - a +0 falchion (weapon)
Missiles
 c - 94 stones (quivered)
 e - a throwing net
 o - 7 boomerangs
Armour
 b - a +0 leather armour (worn)
 f - a +0 pair of gloves (worn)
 h - a +0 buckler
Scrolls
 g - 5 scrolls of identify {unknown}
 j - 2 scrolls of magic mapping {unknown}
 k - a scroll of enchant armour {unknown}
 q - a scroll of enchant weapon {unknown}
Potions
 i - 2 potions of curing {unknown}
 l - a potion of haste {unknown}
 n - a potion of brilliance {unknown}
 p - a potion of flight {unknown}
Comestibles
 d - 4 rations
 m - 9 chunks of flesh


   Skills:
 + Level 4.7 Fighting
 + Level 1.4 Short Blades
 + Level 4.7 Long Blades
 + Level 1.4 Axes
 + Level 1.4 Maces & Flails
 + Level 1.4 Polearms
 + Level 1.4 Staves
 + Level 1.4 Slings
 + Level 1.4 Bows
 + Level 1.4 Crossbows
 + Level 1.4 Throwing
 + Level 2.9 Armour
 + Level 4.7 Dodging
 + Level 1.4 Stealth
 + Level 1.4 Shields
 + Level 1.4 Unarmed Combat
 + Level 5.2 Spellcasting
 + Level 1.1 Conjurations
 + Level 1.1 Hexes
 + Level 5.5 Charms
 + Level 1.1 Summonings
 + Level 1.1 Necromancy
 + Level 1.1 Translocations
 + Level 1.1 Transmutations
 + Level 1.1 Fire Magic
 + Level 1.1 Ice Magic
 + Level 1.1 Air Magic
 + Level 1.1 Earth Magic
 + Level 1.1 Poison Magic
 + Level 1.6 Invocations
 + Level 1.4 Evocations


You had 3 spell levels left.
You knew the following spells:

 Your Spells              Type           Power        Failure   Level  Hunger
h - Regeneration          Chrm/Necr      ##........   16%         3    ###....
n - Spectral Weapon       Hex/Chrm       ##......     16%         3    ###....
p - Shroud of Golubria    Chrm/Tloc      ##....       8%          2    ##.....
u - Song of Slaying       Chrm           ###.....     3%          2    ##.....
y - Infusion              Chrm           ###.         1%          1    None

Your spell library contained the following spells:

 Spells                   Type           Power        Failure   Level  Hunger


Dungeon Overview and Level Annotations

Branches:
Dungeon (3/15)

Altars:
Cheibriados
Sif Muna
Wu Jian
Zin
The Shining One


Innate Abilities, Weirdness & Mutations

Your experience applies equally to all skills.
You have very sharp teeth.
Your uncanny sense of smell can sniff out nearby items.


Message History

The puff of flame misses you.
You hit something. You bite something.
Your shroud bends something's attack away.
You miss something. Something hits you.
* * * LOW HITPOINT WARNING * * *
You miss something. Your bite misses something.
Your shroud unravels.
Something hits you but does no damage.
You fail to use your ability.
You hear some strange, mumbled words.
A puff of flame appears from out of thin air!
The puff of flame misses you.
You hit something but do no damage.
Your magical infusion is running out.
Something hits you.
* * * LOW HITPOINT WARNING * * *
You miss something. You bite something. Something hits you.
* * * LOW HITPOINT WARNING * * *
You hit something! Something hits you.
You die...

### ...# ...# #. ###
....## .
.....#####...... #
......)@......# ## ∆
......##.###### .
..... #.# # ....
#.#### ######## ...
#....# .......# ##
##.#..#
.......#########.....#
###..#.#..........._.#
# #..#.#.#######.....#


There were no monsters in sight!

Vanquished Creatures
  2 orc priests (D:3)
  3 adders (D:2)
  A worm (D:3)
  A dart slug (D:1)
  A leopard gecko (D:3)
  3 orcs (D:3)
  2 giant cockroaches
  4 hobgoblins
  A jackal (D:2)
  2 quokkas (D:2)
  9 bats
  A frilled lizard (D:2)
  8 goblins
  6 kobolds
  11 rats
55 creatures vanquished.

Notes
Turn   | Place    | Note
-------+----------+-------------------------------------------
     0 | D:1      | FishyPogo the Gnoll Skald began the quest for the Orb.
     0 | D:1      | Reached XP level 1. HP: 20/20 MP: 6/6
   273 | D:2      | Reached XP level 2. HP: 25/26 MP: 7/7
   325 | D:2      | Learned a level 2 spell: Song of Slaying
   328 | D:2      | Learned a level 2 spell: Shroud of Golubria
   344 | D:2      | Reached skill level 5 in Spellcasting
   344 | D:2      | Reached XP level 3. HP: 18/31 MP: 0/9
   353 | D:2      | Learned a level 3 spell: Regeneration
   357 | D:2      | Learned a level 3 spell: Spectral Weapon
   391 | D:2      | Found a glowing golden altar of the Shining One.
   410 | D:2      | Found an ornate altar of the Wu Jian Council.
   473 | D:2      | Reached skill level 1 in Invocations
   518 | D:2      | Found a glowing silver altar of Zin.
   518 | D:2      | Noticed an angel
   524 | D:2      | Became a worshipper of Zin the Law-Giver
   838 | D:2      | Found a shimmering blue altar of Sif Muna.
   841 | D:2      | Fell from the grace of Zin
   841 | D:2      | Became a worshipper of Sif Muna the Loreminder
   882 | D:2      | Reached skill level 1 in Short Blades
   882 | D:2      | Reached skill level 1 in Axes
   882 | D:2      | Reached skill level 1 in Maces & Flails
   882 | D:2      | Reached skill level 1 in Polearms
   882 | D:2      | Reached skill level 1 in Staves
   882 | D:2      | Reached skill level 1 in Slings
   882 | D:2      | Reached skill level 1 in Bows
   882 | D:2      | Reached skill level 1 in Crossbows
   882 | D:2      | Reached skill level 1 in Throwing
   882 | D:2      | Reached skill level 1 in Stealth
   882 | D:2      | Reached skill level 1 in Shields
   882 | D:2      | Reached skill level 1 in Unarmed Combat
   882 | D:2      | Reached skill level 1 in Evocations
  1217 | D:1      | Reached XP level 4. HP: 38/38 MP: 11/11
  1827 | D:3      | Reached * piety under Sif Muna
  1869 | D:3      | Found a snail-covered altar of Cheibriados.
  1884 | D:3      | Reached skill level 1 in Conjurations
  1884 | D:3      | Reached skill level 1 in Hexes
  1884 | D:3      | Reached skill level 1 in Summonings
  1884 | D:3      | Reached skill level 1 in Necromancy
  1884 | D:3      | Reached skill level 1 in Translocations
  1884 | D:3      | Reached skill level 1 in Transmutations
  1884 | D:3      | Reached skill level 1 in Fire Magic
  1884 | D:3      | Reached skill level 1 in Ice Magic
  1884 | D:3      | Reached skill level 1 in Air Magic
  1884 | D:3      | Reached skill level 1 in Earth Magic
  1884 | D:3      | Reached skill level 1 in Poison Magic
  1884 | D:3      | Reached XP level 5. HP: 36/43 MP: 5/12
  1905 | D:3      | Slain by an orc wizard

Levels and vault maps discovered:
D:1:      mrwooster_arrival_arrow, layout_loops_ring, minmay_hexomino_f4
D:2:      layout_loops_cross, lemuel_blue_sif_altar,
          nicolae_overflow_crystal_walls, zin_angel, marbit_many_paths,
          serial_forest, infiniplex_forest_straight_1,
          infiniplex_forest_lined_1, infiniplex_forest_clump_double,
          infiniplex_forest_clump_small, infiniplex_forest_clump_curved,
          infiniplex_forest_end_3, infiniplex_forest_lined_3,
          infiniplex_forest_lined_ring
D:3:      layout_basic, minmay_misc_feat_room, minmay_misc_feat_tiny,
          cheibriados_altar_1

Skill      XL: |  1  2  3  4 |
---------------+-------------+-----
Spellcasting   | 5 |  5.2
Invocations    | 1 |  1.6
Short Blades   | 1 |  1.4
Axes           | 1 |  1.4
Maces & Flails | 1 |  1.4
Polearms       | 1 |  1.4
Staves         | 1 |  1.4
Slings         | 1 |  1.4
Bows           | 1 |  1.4
Crossbows      | 1 |  1.4
Throwing       | 1 |  1.4
Stealth        | 1 |  1.4
Shields        | 1 |  1.4
Unarmed Combat | 1 |  1.4
Evocations     | 1 |  1.4
Conjurations   | 1 |  1.1
Hexes          | 1 |  1.1
Summonings     | 1 |  1.1
Necromancy     | 1 |  1.1
Translocations | 1 |  1.1
Transmutations | 1 |  1.1
Fire Magic     | 1 |  1.1
Ice Magic      | 1 |  1.1
Air Magic      | 1 |  1.1
Earth Magic    | 1 |  1.1
Poison Magic   | 1 |  1.1
Fighting       | |  4.7
Long Blades    | |  4.7
Armour         | |  2.9
Dodging        | |  4.7
Charms         | |  5.5

Action                   |  1- 3 |  4- 6 || total
-------------------------+-------+-------++-------
Melee: Falchion          |    61 |    62 ||   123
       Bite              |     5 |     8 ||    13
       Punch             |       |     1 ||     1
 Cast: Infusion          |     3 |     2 ||     5
       Regeneration      |     2 |     1 ||     3
       Song of Slaying   |     1 |     3 ||     4
       Shroud of Golubri |       |     1 ||     1
 Stab: Sleeping          |     5 |     4 ||     9
  Eat: Chunk             |     1 |     3 ||     4
Armor: Leather armour    |    12 |    10 ||    22
Dodge: Dodged            |    64 |    35 ||    99
       Rpst.: Falchion   |    24 |    18 ||    42
